 Dungeon Crawl Stone Soup version 0.25-a0-292-gaa31f046c4 (webtiles) character file.

Game seed: 4577561773262213380, levelgen mode: classic

361 Borgoz the Cutter (level 6, -1/39 HPs)
             Began as a Kobold Fighter on Dec 16, 2019.
             Killed by divine providence
             ... invoked by an orc priest
              (11 damage)
             ... on level 4 of the Dungeon.
             The game lasted 00:05:11 (2524 turns).

Borgoz the Cutter (Kobold Fighter)                  Turns: 2524, Time: 00:05:12

Health: -1/39      AC:  8    Str: 14    XL:     6   Next: 99%
Magic:  6/6        EV: 10    Int:  9    God:
Gold:   69         SH:  9    Dex: 16    Spells: 5/5 levels left

rFire    . . .     SeeInvis .   j - +0 dagger (drain)
rCold    . . .     Gourm    .   c - +0 shield
rNeg     . . .     Faith    .   b - +0 scale mail
rPois    .         Spirit   .   (no helmet)
rElec    .         Reflect  .   (no cloak)
rCorr    .         Harm     .   (no gloves)
MR       .....                  h - +0 pair of boots
Stlth    ..........             (no amulet)
HPRegen  0.13/turn              (no ring)
MPRegen  0.10/turn              (no ring)

@: no status effects
A: small, carnivore
a: no special abilities


You were on level 4 of the Dungeon.
You were completely stuffed.

You visited 1 branch of the dungeon, and saw 4 of its levels.

You collected 69 gold pieces.

Inventory:

Hand Weapons
 a - a +0 rapier
 j - a +0 dagger of draining (weapon)
 p - a +2 dagger of holy wrath
Armour
 b - a +0 scale mail (worn)
 c - a +0 shield (worn)
 h - a +0 pair of boots (worn)
Scrolls
 e - 5 scrolls of identify {unknown}
 g - a scroll of enchant armour {unknown}
 i - 3 scrolls of teleportation {unknown}
 l - 2 scrolls of remove curse {unknown}
 m - a scroll of immolation {unknown}
 n - a scroll of fog {unknown}
 s - a scroll of enchant weapon {unknown}
Potions
 d - a potion of might
 k - a potion of degeneration {unknown}
 o - a potion of haste {unknown}
 q - 2 potions of berserk rage {unknown}
Comestibles
 f - 7 rations


   Skills:
 + Level 4.5 Fighting
 + Level 4.6 Short Blades
 + Level 3.3 Armour
 + Level 3.2 Dodging
 + Level 3.4 Shields


You had 5 spell levels left.
You didn't know any spells.
Your spell library contained the following spells:

 Spells                   Type           Power        Failure   Level  Hunger
 Confusing Touch          Hex            #.....       100%        1    ##.....
 Confuse                  Hex            #.......     100%        3    ####...
 Gell's Gravitas          Tloc           #.........   100%        3    ####...
 Petrify                  Tmut/Erth      #.......     100%        4    #####..
 Metabolic Englaciation   Hex/Ice        #.........   100%        5    ######.
 Yara's Violent Unravell  Hex/Tmut       #.........   100%        5    ######.


Dungeon Overview and Level Annotations

Branches:
Dungeon (4/15)
 Temple: D:4-7

Altars:
Cheibriados
Fedhas
Kikubaaqudgha
Trog


Innate Abilities, Weirdness & Mutations

You are small and have problems with some larger weapons.
You are carnivorous and can eat meat at any time.


Message History

The adder is severely wounded.
The orc wizard casts a spell at you. The puff of flame misses you.
The orc priest hits you but does no damage.
The adder bites you.
Unknown command.
Your scale mail prevents you from hitting the adder.
The adder is severely wounded.
The adder bites you but does no damage.
The orc wizard gestures wildly while chanting.
The orc wizard seems to speed up.
The orc priest hits you but does no damage.
You hit the adder.
You kill the adder!
The orc wizard casts a spell at you. The magic dart hits you!
* * * LOW HITPOINT WARNING * * *
The orc priest invokes the aid of Beogh against you.
Beogh smites you!
You die...

#.. #...........
####.####...........
###.....<.............
##...#.######..########
#!............##
######.######## #.#
#######.####
#.....o@...#
#.....o)...#
#..........#
#............
#..........###
#..........#
#..........#
#..........#


You could see an orc priest and an orc wizard.

Vanquished Creatures
  Sigmund (D:3)
  Terence (D:2)
  11 adders
  An ooze (D:2)
  2 worms
  3 dart slugs
  5 orcs
  A ball python (D:2)
  2 giant cockroaches (D:1)
  7 goblins
  5 hobgoblins
  6 jackals
  6 kobolds
  2 quokkas
  6 bats
  6 frilled lizards
  4 rats
69 creatures vanquished.

Notes
Turn   | Place    | Note
-------+----------+-------------------------------------------
     0 | D:1      | Borgoz the Kobold Fighter began the quest for the Orb.
     0 | D:1      | Reached XP level 1. HP: 14/14 MP: 1/1
    80 | D:1      | Reached XP level 2. HP: 16/19 MP: 2/2
   231 | D:1      | Reached skill level 1 in Dodging
   278 | D:1      | Reached XP level 3. HP: 22/23 MP: 3/3
   973 | D:2      | Found a snail-covered altar of Cheibriados.
  1083 | D:2      | Reached XP level 4. HP: 25/29 MP: 4/4
  1176 | D:2      | Found an ancient bone altar of Kikubaaqudgha.
  1189 | D:2      | Noticed Terence
  1204 | D:2      | Killed Terence
  1242 | D:2      | Reached XP level 5. HP: 32/33 MP: 5/5
  2064 | D:3      | Noticed Sigmund
  2084 | D:3      | Killed Sigmund
  2084 | D:3      | Reached XP level 6. HP: 38/39 MP: 6/6
  2086 | D:3      | Found a blossoming altar of Fedhas.
  2154 | D:3      | Found a bloodstained altar of Trog.
  2524 | D:4      | Killed from afar by an orc priest

Levels and vault maps discovered:
D:1:      matt_arrival_grand_opening, layout_loops_ring,
          minmay_indecisive_spiral
D:2:      layout_rooms, old_standard_altar, kennysheep_slug_shrine, st_stairs_1,
          uniq_terence
D:3:      layout_basic, nicolae_overflow_hidden_temple, fedhas_altar_1,
          kennysheep_generic_room_14, uniq_sigmund
D:4:      layout_rooms, vehumet_crystals, cheibrodos_ashenzari_chains,
          serial_shops, shop, minmay_crystal_water, grunt_dithmenos_smoke,
          uniq_ijyb

Skill      XL: |  1  2  3  4  5 |
---------------+----------------+-----
Short Blades   | 3 4 |  4.6
Dodging        | 1 2 3 |  3.2
Fighting       | 4 |  4.5
Shields        | 3 |  3.4
Armour         | 3 |  3.3

Action                   |  1- 3 |  4- 6 || total
-------------------------+-------+-------++-------
Melee: Rapier            |    35 |       ||    35
       Dagger            |    88 |   220 ||   308
  Eat: Chunk             |     8 |     6 ||    14
Armor: Scale mail        |    44 |    76 ||   120
Dodge: Dodged            |    37 |    84 ||   121
Block: Shield            |    52 |    78 ||   130

Table legend:
 A = Non-vault XP
 B = Vault XP
 C = Vault XP percentage of total XP
 D = Non-vault monster count
 E = Vault monster count
 F = Vault count percentage of total count
                 A         B        C        D         E       F
            +---------+---------+-------+---------+---------+-------
      Total |     224 |     293 |  56.7 |      57 |      12 |  17.4
            +---------+---------+-------+---------+---------+-------
        D:1 |      38 |       6 |  13.6 |      22 |       4 |  15.4
        D:2 |      39 |      60 |  60.6 |       6 |       5 |  45.5
        D:3 |     115 |     227 |  66.4 |      25 |       3 |  10.7
        D:4 |      32 |       0 |   0.0 |       4 |       0 |   0.0
            +---------+---------+-------+---------+---------+-------
